Map: Traitor's Exile

Players

Subwaymaker - Winner!

  • Race: Protoss Protoss
  • League: Gold
  • Spawn Location: 5:00

Mesrob - Winner!

  • Race: Terran Terran
  • League: Platinum
  • Spawn Location: 6:00

Nawx

  • Race: Protoss Protoss
  • League: Platinum
  • Spawn Location: 12:00

screimus

  • Race: Terran Terran
  • League: Bronze
  • Spawn Location: 9:00

VOD

Have the link to the VOD?

Description

Time

  • Played on: July 17, 2019, 7:28 p.m.
  • Length: 17:47
Show
View Real Time Build Order
Export as new Build Order

Subwaymaker Protoss - Winner!

Build Orders: Oracle Opening, Archon Immortal 

Get SALT Encoding   

  12  0:01  Probe  
  13  0:13  Probe  
  14  0:19  Pylon  
  14  0:25  Probe  
  15  0:37  Probe  
  16  0:44  Gateway  
  16  0:46  Probe  
  17  0:50  Assimilator  
  17  0:54  Probe  
  17  1:00  Assimilator  
  17  1:03  Probe  
  18  1:11  Probe  
  19  1:18  Pylon  
  20  1:19  Probe  
  21  1:31  Probe  
  21  1:32  Cybernetics Core  
  22  1:41  Zealot  
  22  1:44  Probe  
  25  1:56  Probe  
  26  2:11  Warp Gate  
  26  2:18  Nexus  
  26  2:32  Probe  
  26  2:33  Pylon  
  27  2:40  Probe  
  27  2:44  Stalker  
  27  2:49  Probe  
  30  2:52  Stargate  
  31  3:01  Probe  
  32  3:13  Probe  
  33  3:25  Probe  
  34  3:30  Assimilator, Oracle  
  34  3:34  Probe  
  34  3:35  Assimilator, Probe  
  34  3:37  Pylon  
  39  3:48  Probe  
  39  3:58  Oracle  
  39  4:03  Gateway  
  39  4:04  Twilight Council  
  42  4:10  Probe  
  42  4:11  Probe  
  44  4:23  Probe x2  
  46  4:26  Stalker  
  48  4:35  Probe x2  
  50  4:47  Probe  
  51  4:56  Void Ray  
  55  5:16  Charge  
  55  5:17  Probe x2  
  55  5:18  Robotics Facility  
  55  5:19  Robotics Facility  
  57  5:29  Probe  
  57  5:30  Probe  
  59  5:38  Pylon  
  59  5:39  Zealot  
  61  5:50  Probe  
  61  5:51  Void Ray  
  66  6:07  Immortal  
  70  6:19  Pylon  
  70  6:37  Immortal  
  78  6:48  Pylon  
  78  6:49  Pylon  
  78  7:00  Immortal  
  78  7:21  Probe  
  78  7:22  Probe  
  80  7:25  Zealot x2  
  80  7:27  Observer  
  85  7:34  Probe  
  85  7:36  Nexus  
  86  7:37  Pylon  
  86  7:41  Assimilator  
  86  7:45  Assimilator  
  86  7:46  Gateway  
  86  7:47  Gateway  
  86  7:48  Pylon  
  86  7:51  Gateway  
  86  7:53  Gateway  
  86  7:55  Pylon, Probe x2  
  86  7:56  Immortal  
  92  8:00  Forge  
  92  8:01  Forge  
  92  8:03  Gateway  
  92  8:05  Templar Archives  
  92  8:08  Probe  
  93  8:13  Probe  
  94  8:20  Probe  
  94  8:21  Immortal  
  94  8:25  Probe  
  100  8:41  Protoss Ground Weapons Level 1  
  100  8:42  Protoss Shields Level 1  
  100  8:44  Stalker  
  102  9:00  Pylon  
  102  9:05  Pylon  
  102  9:17  Pylon  
  102  9:18  Immortal x2  
  110  9:24  High Templar x4  
  118  9:34  Pylon  
  118  9:38  Nexus  
  118  9:40  High Templar x2  
  118  9:42  Archon x2  
  118  9:45  Archon  
  122  9:49  Psionic Storm  
  122  9:53  Blink  
  122  9:59  High Templar x2  
  126  10:00  High Templar x2  
  126  10:05  Archon  
  126  10:06  Archon  
  130  10:09  Pylon  
  130  10:30  Zealot x2  
  134  10:46  Immortal  
  134  10:48  Immortal  
  142  10:54  Pylon  
  142  10:55  High Templar x2  
  142  10:57  High Templar  
  148  11:01  Zealot  
  148  11:02  Zealot x2  
  154  11:16  Archon  
  154  11:25  Stalker x3  
  158  11:28  High Templar  
  162  11:33  Protoss Shields Level 2  
  162  11:35  Archon  
  162  11:39  Protoss Ground Weapons Level 2  
  155  12:45  Probe x2  
  155  12:47  Stalker  
  155  12:48  Stalker x4  
  165  13:25  Probe x2  
  165  13:43  Pylon  
  165  13:44  Pylon  
  165  13:45  Pylon  
  165  13:47  Probe  
  146  14:29  Stalker x2  
  146  14:30  Stalker x3  
  146  14:31  Stalker  
  136  15:25  Probe x2  
  138  15:31  Pylon x2  
  138  15:32  Pylon  
  138  15:36  High Templar x6  
  138  15:37  Probe x2  
  152  15:49  Probe  
  143  16:00  Archon x3  
  143  16:06  Immortal x2  
  151  16:22  Gateway  
  151  16:23  Gateway  
  151  16:24  Gateway  
  151  16:36  Stalker x5  
  151  16:37  Stalker  
  163  16:45  Immortal x2  
  171  17:01  Stalker x6  
Show
View Real Time Build Order
Export as new Build Order

Mesrob Terran - Winner!

Build Orders: 2 Factory, Reaper Expand 

Get SALT Encoding   

  12  0:00  SCV  
  13  0:12  SCV  
  14  0:18  Supply Depot  
  14  0:24  SCV  
  15  0:40  SCV  
  16  0:44  Barracks  
  16  0:59  SCV  
  16  1:02  Refinery  
  17  1:11  SCV  
  18  1:24  SCV  
  19  1:37  Orbital Command  
  19  1:46  Command Center  
  19  1:53  Refinery  
  19  1:54  Reaper  
  19  2:00  Supply Depot  
  20  2:04  SCV  
  21  2:16  SCV  
  21  2:17  Engineering Bay  
  22  2:28  Factory  
  22  2:30  SCV  
  22  2:36  Barracks Reactor  
  23  2:43  SCV  
  24  2:55  Factory, SCV  
  25  3:40  Hellion x2, Factory Tech Lab, Supply Depot  
  29  3:44  Factory  
  29  3:45  Orbital Command  
  29  3:49  SCV  
  30  4:01  SCV  
  31  4:04  Cyclone  
  34  4:10  SCV  
  34  4:13  SCV  
  36  4:23  Refinery, SCV  
  37  4:25  SCV  
  37  4:27  Refinery  
  37  4:28  Factory Tech Lab  
  42  4:31  Hellion x2  
  42  4:34  Mag-Field Accelerator  
  42  4:35  SCV  
  42  4:36  Cyclone  
  46  4:46  Supply Depot  
  46  4:47  SCV  
  46  4:49  Missile Turret  
  47  4:53  Cyclone  
  47  4:59  Missile Turret  
  50  5:00  SCV  
  50  5:02  SCV  
  52  5:08  Supply Depot  
  52  5:13  SCV  
  53  5:15  Cyclone  
  53  5:16  Hellion  
  53  5:18  Hellion  
  60  5:31  Supply Depot, Cyclone  
  63  5:37  SCV  
  63  5:40  SCV  
  63  5:42  Hellion x2  
  69  5:53  Armory  
  69  5:55  Cyclone  
  72  5:58  SCV  
  72  5:59  SCV  
  74  6:06  Supply Depot  
  74  6:10  SCV  
  75  6:17  SCV  
  76  6:22  SCV  
  77  6:30  Command Center  
  77  6:34  Starport  
  77  6:35  Starport  
  77  6:40  Starport  
  77  6:42  Armory  
  77  6:56  Missile Turret, Cyclone  
  77  6:57  Cyclone  
  77  6:58  Hellion  
  85  7:06  SCV  
  86  7:18  Supply Depot x2  
  86  7:21  Supply Depot  
  86  7:28  SCV x2  
  88  7:30  Starport Tech Lab, Starport Reactor x2  
  88  7:32  Terran Vehicle Weapons Level 1  
  88  7:34  Terran Vehicle And Ship Armor Level 1  
  88  7:40  SCV  
  88  7:41  Cyclone  
  88  7:42  Cyclone  
  88  7:43  Hellion x2  
  99  7:47  Supply Depot  
  99  7:49  SCV  
  100  7:58  SCV  
  101  8:01  SCV  
  101  8:03  Orbital Command  
  102  8:08  Command Center  
  102  8:10  SCV  
  102  8:12  Viking x2  
  107  8:13  SCV  
  107  8:18  Viking  
  110  8:20  Viking  
  110  8:22  SCV  
  111  8:57  Viking x3  
  111  8:58  Viking x2  
  111  9:01  Cyclone x2  
  131  9:03  Hellion x2  
  131  9:09  Supply Depot  
  131  9:12  Supply Depot  
  131  9:27  Viking  
  133  9:33  Cyclone x2  
  133  9:34  Supply Depot  
  133  9:35  Refinery, SCV  
  133  9:36  SCV  
  133  9:37  Refinery, SCV  
  142  9:47  SCV  
  142  9:48  SCV  
  142  9:49  SCV  
  145  9:59  Supply Depot, SCV  
  146  10:10  Supply Depot x2  
  146  10:11  Supply Depot  
  146  10:22  Infernal Pre-Igniter, Supply Depot  
  146  10:24  Cyclone  
  146  10:25  Cyclone  
  146  10:26  Hellion x2  
  156  10:53  Planetary Fortress  
  156  11:05  Cyclone x2  
  156  11:06  Hellion  
  156  11:07  Hellion  
  156  11:08  Viking x2  
  156  11:09  Viking x3  
  176  11:28  Hellion x2  
  177  11:37  Cyclone  
  178  11:49  Hellion x2  
  91  12:47  Missile Turret  
  91  12:55  Missile Turret x2  
  91  12:57  Missile Turret, Terran Vehicle Weapons Level 2  
  91  12:58  Terran Vehicle And Ship Armor Level 2  
  91  12:59  Missile Turret  
  91  13:01  Command Center  
  90  13:07  Missile Turret  
  55  13:27  Missile Turret  
  36  13:46  Missile Turret  
  36  13:57  Factory  
  36  14:06  Missile Turret  
  36  14:26  Missile Turret  
  36  14:45  Starport  
  36  14:46  Missile Turret  
  36  14:51  Starport  
  36  14:54  Starport  
  36  14:55  Starport  
  36  14:58  Widow Mine x2  
  40  15:19  Widow Mine  
  40  15:20  Widow Mine  
  44  15:41  Widow Mine x2  
  33  16:34  Widow Mine x2  
  29  17:18  Starport  
  29  17:19  Starport x2  
  29  17:22  Starport  
Show
View Real Time Build Order
Export as new Build Order

Nawx Protoss 

Build Orders:  

Get SALT Encoding   

  12  0:01  Probe  
  13  0:13  Probe  
  14  0:27  Pylon  
  14  0:28  Probe  
  15  0:32  Assimilator  
  15  0:45  Probe  
  15  0:49  Gateway  
  16  1:02  Probe  
  17  1:06  Assimilator  
  17  1:14  Probe  
  18  1:26  Probe  
  18  1:31  Gateway  
  19  1:38  Probe  
  20  1:40  Cybernetics Core  
  20  1:43  Pylon  
  20  1:55  Pylon  
  20  2:13  Probe  
  21  2:17  Warp Gate  
  21  2:18  Adept x2  
  25  2:25  Probe  
  26  2:33  Robotics Facility  
  26  2:37  Probe  
  27  2:52  Twilight Council  
  27  3:01  Adept x2  
  31  3:13  Warp Prism  
  33  3:28  Resonating Glaives  
  33  3:32  Gateway  
  33  3:35  Gateway  
  33  4:05  Adept  
  33  4:06  Adept  
  37  4:22  Observer  
  38  4:31  Pylon x2  
  24  4:53  Stalker x2  
  24  4:54  Stalker x2  
  24  4:59  Probe  
  31  5:07  Probe  
  32  5:17  Probe  
  33  5:29  Probe  
  34  5:45  Stalker x2  
  34  5:46  Stalker  
  40  6:04  Probe  
  41  6:12  Probe  
  41  6:13  Stalker  
  44  6:22  Probe  
  45  6:35  Stalker x2  
  45  6:39  Probe  
  50  6:51  Probe  
  51  7:27  Probe  
  51  7:35  Probe  
  52  7:40  Charge  
  53  7:45  Probe  
  54  7:57  Probe  
  55  7:59  Pylon  
  55  8:01  Pylon  
  55  8:17  Probe, Nexus  
  55  8:18  Pylon  
  56  8:38  Stalker x3  
  56  8:39  Stalker  
  64  8:45  Pylon  
  64  9:09  Observer  
  64  9:15  Blink  
  64  9:17  Zealot x2  
  64  9:18  Zealot  
  70  10:03  Forge, Probe  
  70  10:06  Probe  
  70  10:11  Probe  
  70  10:12  Observer  
  72  10:14  Probe  
  74  10:21  Probe  
  74  10:23  Probe  
  74  10:26  Robotics Bay  
  76  10:33  Probe  
  76  10:35  Observer, Probe  
  78  10:50  Zealot x3  
  84  10:59  Pylon  
  84  11:01  Pylon  
  84  11:08  Disruptor  
  84  11:10  Photon Cannon  
  84  11:12  Photon Cannon  
  87  11:37  Disruptor  
  67  11:57  Zealot x2  
  67  11:58  Zealot x2  
  31  12:27  Pylon  
  17  13:03  Nexus  
  17  13:04  Pylon  
  17  13:05  Pylon  
  17  13:09  Assimilator  
  16  14:15  Gateway  
  16  14:17  Gateway  
  16  14:20  Gateway x2  
  16  14:24  Gateway  
  16  14:26  Gateway x2  
  16  14:28  Pylon  
  16  15:22  Zealot x6  
  16  15:23  Zealot  
  30  15:43  Zealot x4  
  26  15:58  Zealot x2  
  15  16:19  Pylon  
  1  16:34  Pylon  
Show
View Real Time Build Order
Export as new Build Order

screimus Terran 

Build Orders:  

Get SALT Encoding   

  12  0:01  SCV  
  13  0:13  SCV  
  14  0:23  Supply Depot  
  14  0:26  SCV  
  15  0:45  SCV  
  15  0:47  Barracks  
  16  0:52  Refinery  
  16  0:57  SCV  
  17  0:59  Refinery  
  17  1:09  SCV  
  18  1:34  Orbital Command  
  18  1:36  Supply Depot  
  18  1:58  Reaper  
  19  2:02  SCV  
  20  2:14  SCV  
  21  2:19  Factory  
  21  2:24  Command Center  
  21  2:29  SCV  
  22  2:44  SCV  
  22  2:45  Barracks Tech Lab  
  23  2:56  SCV  
  24  3:08  SCV  
  24  3:25  Factory Tech Lab  
  24  3:26  Marine  
  25  3:37  Starport  
  25  3:39  Orbital Command  
  25  3:44  Marine  
  26  3:49  SCV  
  27  3:56  Supply Depot  
  27  4:01  SCV  
  27  4:02  Marine  
  29  4:06  SCV  
  30  4:13  Siege Tank  
  33  4:18  Supply Depot, SCV  
  33  4:19  Marine  
  33  4:22  SCV  
  36  4:28  Refinery  
  36  4:29  Starport Tech Lab  
  36  4:33  Fusion Core  
  36  4:37  Starport  
  36  4:43  Supply Depot, Armory  
  36  5:20  SCV  
  37  5:23  Starport Tech Lab  
  37  5:32  SCV  
  37  5:34  Engineering Bay  
  38  5:36  Terran Ship Weapons Level 1  
  38  5:44  SCV, Battlecruiser  
  45  5:51  Refinery, SCV  
  45  5:56  SCV  
  47  6:03  SCV  
  48  6:04  Weapon Refit  
  48  6:08  SCV  
  49  6:15  SCV  
  50  6:20  SCV  
  50  6:25  Battlecruiser  
  57  6:37  Terran Infantry Weapons Level 1  
  57  6:41  Marine  
  58  6:59  Marine  
  59  7:07  Battlecruiser  
  65  7:41  Terran Ship Weapons Level 2  
  65  7:46  SCV  
  66  7:59  SCV  
  67  8:07  Supply Depot  
  67  8:28  Battlecruiser  
  67  8:30  Supply Depot  
  73  8:52  Battlecruiser  
  79  9:09  SCV  
  80  9:21  SCV  
  81  9:28  Terran Infantry Weapons Level 2  
  81  9:56  Command Center  
  81  9:57  SCV  
  82  10:01  Command Center  
  82  10:09  SCV  
  83  10:21  SCV  
  83  10:25  Terran Ship Weapons Level 3  
  84  10:30  Supply Depot  
  84  10:52  Battlecruiser  
  90  11:08  Planetary Fortress, Battlecruiser  
  96  11:13  Planetary Fortress  
  96  11:15  Refinery  
  89  12:05  Battlecruiser  
  95  12:12  Battlecruiser  
  87  13:09  Battlecruiser  
  91  13:17  Battlecruiser  
  49  14:51  Command Center  
  49  14:57  Fusion Core  
  33  15:00  Supply Depot  
  33  15:04  Supply Depot  
  21  15:32  Barracks  
  21  15:38  Barracks  
  21  15:46  Barracks  
  21  16:12  SCV  
  22  16:24  SCV  
  23  16:36  SCV, Barracks Reactor  
  23  16:37  Barracks Reactor  
  24  16:46  Factory, Barracks Reactor  
  24  16:50  Barracks  
Tags
 
Add a new tag
Caveats
  • Supply blocks, unpowered buildings, or Contaminate may cause inaccurate times.
  • Supply counts are checked every 10 seconds.